Sasquatch vs Punishers (R1)

Created - December 16, 2017 at 10:03

Goals
1 2 3 T
Sasquatch 1 2 2 5
Punishers 0 4 0 4
Shots
1 2 3 T
Sasquatch 10 8 15 33
Punishers 6 12 7 25

1st period

1. Sasquatch , Rickard Rakell 5 (Danny DeKeiser 8) at 11:59

Penalties :
No Penalty

2nd period

2. Punishers , Oscar Sundqvist 3 (Aaron Palushaj 5, David Rundblad 22) at 3:57
3. Sasquatch , Jason Zucker 13 (Garnet Hathaway 7, Nick Bjugstad 16) at 6:36
4. Punishers , Robbie Earl 17 (Mattias Tedenby 15, David Rundblad 23) at 9:24
5. Punishers , Nick Schultz 1 (Mattias Tedenby 16) at 9:42
6. Sasquatch , Filip Forsberg 19 (Drew Shore 29) at 17:18
7. Punishers , David Laliberté 15 (Tanner Glass 14, Boone Jenner 14) at 17:53

Penalties :
Sergey Kalinin (Gat) for Roughing (Minor) at 12:14

3rd period

8. Sasquatch , Danny DeKeiser 2 (Rickard Rakell 4, Brock Trotter 8) at 10:30
9. Sasquatch , Filip Forsberg 20 (Jason Akeson 14, Drew Shore 30) at 11:10

Penalties :
Martin Marincin (Gat) for Holding (Minor) at 4:36, Jason Zucker (Gat) for Slashing (Minor) at 12:51, Robbie Earl (Pro) for Delaying the game (Minor) at 18:27

Goalie Stats

Corey Crawford (Gat), 21 saves from 25 shots - (0.840), W, 13-8-2, 60:00 minutes
Niklas Svedberg (Pro), 28 saves from 33 shots - (0.848), L, 12-9-3, 60:00 minutes

Players Stats for Sasquatch

Player Name              G  A  P  +/- PIM S  H  SB GA TA FO     MP     PP MP  PK MP  
------------------------------------------------------------------------------------
Brock Trotter            0  1  1   0  0   3  2  0  1  0  0/0    12:53   0:00   1:41 
Danny DeKeiser           1  1  2   2  0   2  3  0  1  0  0/0    25:08   0:47   2:50 
Drew Shore               0  2  2   1  0   5  2  3  0  1  16/34  22:50   0:51   3:00 
Filip Forsberg           2  0  2   1  0   4  4  0  0  0  0/0    19:33   0:51   0:00 
Garnet Hathaway          0  1  1   1  0   3  0  0  0  1  0/0    16:05   0:00   3:00 
Jason Akeson             0  1  1   1  0   4  3  0  0  1  0/4    19:33   0:51   0:00 
Jason Zucker             1  0  1   1  2   1  1  0  2  0  0/0    14:02   0:41   0:00 
Jonathan Blum            0  0  0  -1  0   1  1  1  0  1  0/0    20:52   0:45   2:58 
Martin Marincin          0  0  0   0  2   0  2  1  0  1  0/0    14:37   0:00   2:04 
Nick Bjugstad            0  1  1   1  0   0  2  0  1  0  6/12   13:56   0:41   0:10 
Nick Leddy               0  0  0   2  0   2  1  0  0  1  0/0    23:10   0:47   2:59 
Petr Straka              0  0  0   0  0   0  0  0  0  0  0/0    11:36   0:41   0:00 
Rickard Rakell           1  1  2   0  0   3  1  1  0  0  1/4    12:30   0:00   1:24 
Sergey Kalinin           0  0  0  -1  2   0  0  0  0  0  3/7    10:21   0:00   0:50 
Slava Voynov             0  0  0   0  0   2  0  0  0  0  0/0    17:33   0:00   1:03 
Teemu Hartikainen        0  0  0  -1  0   0  1  0  0  1  0/0    11:21   0:00   1:49 
Ty Wishart               0  0  0  -1  0   2  1  0  0  0  0/0    18:50   0:45   0:00 
Tyler Randell            0  0  0  -1  0   1  0  0  1  0  0/0     9:10   0:00   0:00 

Players Stats for Punishers

Player Name              G  A  P  +/- PIM S  H  SB GA TA FO     MP     PP MP  PK MP  
------------------------------------------------------------------------------------
Aaron Palushaj           0  1  1  -1  0   0  1  0  0  0  1/2    10:41   0:11   0:53 
Adam McQuaid             0  0  0  -2  0   0  1  2  1  0  0/0    15:47   0:00   0:26 
Boone Jenner             0  1  1   1  0   1  5  0  1  0  7/8    15:39   2:43   0:00 
Casey Cizikas            0  0  0   1  0   1  0  1  0  2  16/31  21:41   3:03   0:39 
Colton Gillies           0  0  0  -2  0   2  0  1  0  0  0/0    14:25   2:43   0:00 
Damon Severson           0  0  0   0  0   0  1  1  0  1  0/0    12:17   2:41   0:00 
David Laliberté          1  0  1   1  0   3  2  0  1  1  1/1    15:39   2:43   0:00 
David Rundblad           0  2  2   1  0   2  0  1  0  0  0/0    25:20   3:16   1:06 
Erik Nystrom             0  0  0  -1  0   0  0  0  0  0  0/1    10:29   0:11   0:29 
Jordan Schmaltz          0  0  0   0  0   0  0  0  0  0  0/0     9:41   0:00   0:26 
Luke Adam                0  0  0  -2  0   2  1  0  2  0  4/7    13:02   0:00   1:03 
Mattias Tedenby          0  2  2   1  0   3  1  0  1  1  3/4    21:02   3:03   0:00 
Miikka Salomaki          0  0  0  -2  0   1  1  1  0  0  0/1    12:37   0:11   0:00 
Nick Schultz             1  0  1   1  0   5  1  1  0  0  0/0    24:14   3:16   0:00 
Oscar Sundqvist          1  0  1  -1  0   1  3  0  0  0  2/5     9:10   0:00   0:00 
Patrick Wiercioch        0  0  0   0  0   0  0  0  0  0  0/0     6:36   0:00   0:00 
Robbie Earl              1  0  1   1  2   3  1  0  1  0  1/1    21:06   3:03   0:00 
Stefan Elliott           0  0  0  -2  0   0  0  3  0  1  0/0    19:29   2:41   1:06 
Tanner Glass             0  1  1   1  0   1  0  0  0  0  0/0    12:56   0:00   0:00 
Trevor Van Riemsdyk      0  0  0   0  0   0  1  1  0  0  0/0     6:36   0:00   0:00 

3 Stars

1 - Filip Forsberg (Gat)
2 - Danny DeKeiser (Gat)
3 - Rickard Rakell (Gat)

Power Play

Sasquatch - 0 on 1 Attempt(s) - 0.00%
Punishers - 0 on 3 Attempt(s) - 0.00%

Penalty Kill

Sasquatch - 3 on 3 Attempt(s) - 100.00% - Score 0 goal in Penalty Kill
Punishers - 1 on 1 Attempt(s) - 100.00% - Score 0 goal in Penalty Kill

Team Stat

Sasquatch - Hits : 24 - Faceoff Wins : 26 - Blocked Shots : 6 - Penalty Minutes : 6
Punishers - Hits : 19 - Faceoff Wins : 35 - Blocked Shots : 12 - Penalty Minutes : 2

Official

Referees : Lee Chris and O'Rourke Dan
Linesman : Lonnie Cameron and Pierre Champoux

Game Notes

No Game Note

Finance

Level 1 -- Attendance: 1619 (80.95%) -- Ticket Income $64,760
Level 2 -- Attendance: 794 (79.40%) -- Ticket Income $15,880
Total Attendance: 2413 (80.43%)
Total Ticket Income: $80,640
Other Income: $4,032
Total Income: $84,672

Sasquatch

5 vs 5 Forward 
   Center                   Left Wing                Right Wing               Time % Phy DF OF 
 1 Drew Shore               Filip Forsberg           Jason Akeson             40     1   2  2  
 2 Nick Bjugstad            Jason Zucker             Garnet Hathaway          30     1   2  2  
 3 Rickard Rakell           Brock Trotter            Petr Straka              20     1   2  2  
 4 Sergey Kalinin           Teemu Hartikainen        Tyler Randell            10     1   2  2  

5 vs 5 Defense 
   Defense                  Defense                                           Time % Phy DF OF 
 1 Danny DeKeiser           Nick Leddy                                        40     1   2  2  
 2 Ty Wishart               Jonathan Blum                                     30     1   2  2  
 3 Martin Marincin          Slava Voynov                                      20     1   2  2  
 4 Slava Voynov             Danny DeKeiser                                    10     1   2  2  

PowerPlay Forward 
   Center                   Left Wing                Right Wing               Time % Phy DF OF 
 1 Drew Shore               Filip Forsberg           Jason Akeson             60     1   2  2  
 2 Nick Bjugstad            Jason Zucker             Petr Straka              40     1   2  2  

PowerPlay Defense
   Defense                  Defense                                           Time % Phy DF OF 
 1 Danny DeKeiser           Nick Leddy                                        60     1   2  2  
 2 Ty Wishart               Jonathan Blum                                     40     1   2  2  

Penalty Kill 4 Players Forward 
   Center                   Wing                     Time % Phy DF OF 
 1 Drew Shore               Garnet Hathaway          60     1   2  2  
 2 Sergey Kalinin           Teemu Hartikainen        40     1   2  2  

Penalty Kill 4 Players Defense
   Defense                  Defense                  Time % Phy DF OF 
 1 Martin Marincin          Nick Leddy               60     1   2  2  
 2 Danny DeKeiser           Jonathan Blum            40     1   2  2  

Penalty Kill - 3 Players Forward 
   Forward                                           Time % Phy DF OF 
 1 Sergey Kalinin                                    60     1   2  2  
 2 Brock Trotter                                     40     1   2  2  

Penalty Kill - 3 Players Defense
   Defense                  Defense                  Time % Phy DF OF 
 1 Martin Marincin          Nick Leddy               60     1   2  2  
 2 Danny DeKeiser           Jonathan Blum            40     1   2  2  

4 vs 4 Forward 
   Center                   Wing                     Time % Phy DF OF 
 1 Nick Bjugstad            Filip Forsberg           60     1   2  2  
 2 Drew Shore               Jason Zucker             40     1   2  2  

4 vs 4 Defense
   Defense                  Defense                  Time % Phy DF OF 
 1 Ty Wishart               Nick Leddy               60     1   2  2  
 2 Danny DeKeiser           Jonathan Blum            40     1   2  2  

Last Minutes Offensive
   Center                   Left Wing                Right Wing               Defense                  Defense                  
   Drew Shore               Filip Forsberg           Jason Akeson             Jonathan Blum            Nick Leddy               

Last Minutes Defensive
   Center                   Left Wing                Right Wing               Defense                  Defense                  
   Drew Shore               Filip Forsberg           Garnet Hathaway          Martin Marincin          Danny DeKeiser           

Goaltenders
Starting : Corey Crawford           
Backup : Joonas Korpisalo         

Extra Forwards
Normal : Jason Zucker, Rickard Rakell, Teemu Hartikainen - PP : Jason Zucker, Rickard Rakell - PK : Teemu Hartikainen
Extra Defensemen
Normal : Ty Wishart, Slava Voynov, Danny DeKeiser - PP : Ty Wishart - PK : Slava Voynov, Danny DeKeiser
Penalty Shots
Jason Akeson, Jason Zucker, Nick Leddy, Filip Forsberg, Tyler Randell

Scratches
Andy Andreoff (Healthy), T.J. Tynan (Healthy), Dmitri Orlov (Healthy), Ty Rattie (Healthy), Joey Laleggia (Healthy)
Jack Campbell (Healthy)

Punishers

5 vs 5 Forward 
   Center                   Left Wing                Right Wing               Time % Phy DF OF 
 1 Casey Cizikas            Robbie Earl              Mattias Tedenby          40     1   2  2  
 2 Boone Jenner             Tanner Glass             David Laliberté          30     1   2  2  
 3 Luke Adam                Colton Gillies           Miikka Salomaki          20     1   2  2  
 4 Oscar Sundqvist          Erik Nystrom             Aaron Palushaj           10     1   2  2  

5 vs 5 Defense 
   Defense                  Defense                                           Time % Phy DF OF 
 1 Nick Schultz             David Rundblad                                    40     1   2  2  
 2 Adam McQuaid             Stefan Elliott                                    30     1   2  2  
 3 Damon Severson           Jordan Schmaltz                                   20     1   2  2  
 4 Patrick Wiercioch        Trevor Van Riemsdyk                               10     1   2  2  

PowerPlay Forward 
   Center                   Left Wing                Right Wing               Time % Phy DF OF 
 1 Casey Cizikas            Robbie Earl              Mattias Tedenby          60     1   2  2  
 2 Boone Jenner             Colton Gillies           David Laliberté          40     1   2  2  

PowerPlay Defense
   Defense                  Defense                                           Time % Phy DF OF 
 1 Nick Schultz             David Rundblad                                    60     1   2  2  
 2 Damon Severson           Stefan Elliott                                    40     1   2  2  

Penalty Kill 4 Players Forward 
   Center                   Wing                     Time % Phy DF OF 
 1 Robbie Earl              Luke Adam                60     1   2  2  
 2 Mattias Tedenby          David Laliberté          40     1   2  2  

Penalty Kill 4 Players Defense
   Defense                  Defense                  Time % Phy DF OF 
 1 David Rundblad           Stefan Elliott           60     1   2  2  
 2 Jordan Schmaltz          Adam McQuaid             40     1   2  2  

Penalty Kill - 3 Players Forward 
   Forward                                           Time % Phy DF OF 
 1 Robbie Earl                                       60     1   2  2  
 2 Luke Adam                                         40     1   2  2  

Penalty Kill - 3 Players Defense
   Defense                  Defense                  Time % Phy DF OF 
 1 David Rundblad           Stefan Elliott           60     1   2  2  
 2 Jordan Schmaltz          Adam McQuaid             40     1   2  2  

4 vs 4 Forward 
   Center                   Wing                     Time % Phy DF OF 
 1 Robbie Earl              Mattias Tedenby          60     1   2  2  
 2 Tanner Glass             Boone Jenner             40     1   2  2  

4 vs 4 Defense
   Defense                  Defense                  Time % Phy DF OF 
 1 Nick Schultz             David Rundblad           60     1   2  2  
 2 Adam McQuaid             Stefan Elliott           40     1   2  2  

Last Minutes Offensive
   Center                   Left Wing                Right Wing               Defense                  Defense                  
   Luke Adam                Robbie Earl              Mattias Tedenby          Nick Schultz             Damon Severson           

Last Minutes Defensive
   Center                   Left Wing                Right Wing               Defense                  Defense                  
   Luke Adam                Robbie Earl              Mattias Tedenby          Adam McQuaid             Stefan Elliott           

Goaltenders
Starting : Niklas Svedberg          
Backup : Louis Domingue           

Extra Forwards
Normal : Boone Jenner, Miikka Salomaki, Aaron Palushaj - PP : Boone Jenner, Miikka Salomaki - PK : Aaron Palushaj
Extra Defensemen
Normal : Damon Severson, Patrick Wiercioch, Jordan Schmaltz - PP : Damon Severson - PK : Patrick Wiercioch, Jordan Schmaltz
Penalty Shots
Robbie Earl, Luke Adam, Mattias Tedenby, David Laliberté, Casey Cizikas

Scratches
Radek Faksa (Healthy), Quinton Howden (Healthy), Carter Ashton (Healthy), Garret Ross (Right Eye Injury), Dylan DeMelo (Healthy)
Zack Hamill (Healthy)

% Time on Ice - Sasquatch

Lines # - Real PCT - Wanted PCT - Time Play
Normal Forward
1 - 36% - 40% - 18:59
2 - 26% - 30% - 13:35
3 - 21% - 20% - 10:55
4 - 17% - 10% - 9:02
Normal Defense
1 - 39% - 40% - 20:18
2 - 31% - 30% - 16:19
3 - 23% - 20% - 12:18
4 - 7% - 10% - 3:36
PP Forward
1 - 55% - 60% - 0:51
2 - 45% - 40% - 0:41
PP Defense
1 - 51% - 60% - 0:47
2 - 49% - 40% - 0:45
PK Forward
1 - 79% - 60% - 4:41
2 - 21% - 40% - 1:16
PK Defense
1 - 60% - 60% - 3:35
2 - 40% - 40% - 2:22
PK3 Forward
1 - 0% - 60%
2 - 0% - 40%
PK3 Defense
1 - 0% - 60%
2 - 0% - 40%
44 Forward
1 - 0% - 60%
2 - 0% - 40%
44 Defense
1 - 0% - 60%
2 - 0% - 40%
Last Minute Offensive  - 0:00
Last Minute Defensive  - 0:00
Total
Forward - 60:00
Defense - 60:00

% Time on Ice - Punishers

Lines # - Real PCT - Wanted PCT - Time Play
Normal Forward
1 - 35% - 40% - 18:26
2 - 25% - 30% - 12:56
3 - 23% - 20% - 11:59
4 - 17% - 10% - 9:10
Normal Defense
1 - 40% - 40% - 20:58
2 - 30% - 30% - 15:42
3 - 18% - 20% - 9:15
4 - 13% - 10% - 6:36
PP Forward
1 - 54% - 60% - 3:14
2 - 46% - 40% - 2:43
PP Defense
1 - 55% - 60% - 3:16
2 - 45% - 40% - 2:41
PK Forward
1 - 100% - 60% - 1:32
2 - 0% - 40% - 0:00
PK Defense
1 - 72% - 60% - 1:06
2 - 28% - 40% - 0:26
PK3 Forward
1 - 0% - 60%
2 - 0% - 40%
PK3 Defense
1 - 0% - 60%
2 - 0% - 40%
44 Forward
1 - 0% - 60%
2 - 0% - 40%
44 Defense
1 - 0% - 60%
2 - 0% - 40%
Last Minute Offensive  - 0:00
Last Minute Defensive  - 0:00
Total
Forward - 60:00
Defense - 60:00

Play by Play

1st period


0:01 of 1st period - Casey Cizikas wins face-off versus Jason Akeson in neutral zone.
0:11 of 1st period - Robbie Earl is hit by Filip Forsberg and loses puck.
1:58 of 1st period - Wrist shot by Garnet Hathaway.
1:58 of 1st period - Stopped by Niklas Svedberg without a rebound.
1:59 of 1st period - Nick Bjugstad wins face-off versus Miikka Salomaki in Punishers zone.
3:04 of 1st period - Off-side.
3:05 of 1st period - Oscar Sundqvist wins face-off versus Sergey Kalinin in neutral zone.
4:04 of 1st period - Wrist shot by Filip Forsberg.
4:04 of 1st period - Stopped by Niklas Svedberg with a rebound.
4:06 of 1st period - Snap shot by Drew Shore.
4:06 of 1st period - Shot Blocked by Damon Severson.
4:08 of 1st period - Wrist shot by Jason Akeson.
4:08 of 1st period - Shot Misses the Net.
4:10 of 1st period - Slapshot by Jonathan Blum.
4:10 of 1st period - Shot Blocked by Colton Gillies.
4:12 of 1st period - Snap shot by Ty Wishart.
4:12 of 1st period - Deflect By Jason Akeson.
4:12 of 1st period - Stopped by Niklas Svedberg with a rebound.
4:14 of 1st period - Wrist shot by Jason Akeson.
4:14 of 1st period - Stopped by Niklas Svedberg without a rebound.
4:15 of 1st period - Casey Cizikas wins face-off versus Nick Bjugstad in Punishers zone.
4:26 of 1st period - Wrist shot by Robbie Earl.
4:26 of 1st period - Shot Misses the Net.
4:47 of 1st period - Snap shot by Tanner Glass.
4:47 of 1st period - Shot Misses the Net.
5:37 of 1st period - Wrist shot by Garnet Hathaway.
5:37 of 1st period - Stopped by Niklas Svedberg without a rebound.
5:38 of 1st period - Casey Cizikas wins face-off versus Drew Shore in Punishers zone.
5:38 of 1st period - Casey Cizikas is hit by Filip Forsberg.
6:04 of 1st period - David Laliberté is hit by Danny DeKeiser and loses puck.
7:12 of 1st period - Erik Nystrom is hit by Filip Forsberg and loses puck.
7:35 of 1st period - Snap shot by Garnet Hathaway.
7:35 of 1st period - Stopped by Niklas Svedberg without a rebound.
7:36 of 1st period - Casey Cizikas wins face-off versus Nick Bjugstad in Punishers zone.
8:01 of 1st period - Garnet Hathaway is hit by Trevor Van Riemsdyk and loses puck.
8:08 of 1st period - Wrist shot by Colton Gillies.
8:08 of 1st period - Stopped by Corey Crawford without a rebound.
8:09 of 1st period - Drew Shore wins face-off versus Boone Jenner in Sasquatch zone.
8:34 of 1st period - Mattias Tedenby is hit by Rickard Rakell and loses puck.
8:57 of 1st period - Wrist shot by Luke Adam.
8:57 of 1st period - Stopped by Corey Crawford without a rebound.
8:58 of 1st period - Sergey Kalinin wins face-off versus Oscar Sundqvist in Sasquatch zone.
9:13 of 1st period - Slapshot by Jonathan Blum.
9:13 of 1st period - Shot Misses the Net.
10:36 of 1st period - Wrist shot by Filip Forsberg.
10:36 of 1st period - Shot Misses the Net.
11:09 of 1st period - Snap shot by David Laliberté.
11:09 of 1st period - Deflect By Boone Jenner.
11:09 of 1st period - Stopped by Corey Crawford without a rebound.
11:10 of 1st period - Boone Jenner wins face-off versus Drew Shore in Sasquatch zone.
11:23 of 1st period - Snap shot by David Laliberté.
11:23 of 1st period - Stopped by Corey Crawford with a rebound.
11:25 of 1st period - Slapshot by Stefan Elliott.
11:25 of 1st period - Shot Misses the Net.
11:35 of 1st period - Stefan Elliott is hit by Nick Bjugstad.
11:59 of 1st period - Snap shot by Rickard Rakell.
11:59 of 1st period - Goal by Rickard Rakell - Sasquatch : 1 - Punishers : 0.
12:00 of 1st period - Casey Cizikas wins face-off versus Jason Akeson in neutral zone.
12:11 of 1st period - Snap shot by Casey Cizikas.
12:11 of 1st period - Shot Misses the Net.
12:25 of 1st period - Tanner Glass is hit by Danny DeKeiser and loses puck.
12:36 of 1st period - Snap shot by Brock Trotter.
12:36 of 1st period - Stopped by Niklas Svedberg without a rebound.
12:37 of 1st period - Luke Adam wins face-off versus Drew Shore in Punishers zone.
12:44 of 1st period - Slapshot by Luke Adam.
12:44 of 1st period - Deflect By Jason Akeson.
12:44 of 1st period - Shot Blocked by Drew Shore.
12:44 of 1st period - Puck is out of play.
12:45 of 1st period - Drew Shore wins face-off versus Luke Adam in Sasquatch zone.
13:17 of 1st period - Snap shot by Jason Akeson.
13:17 of 1st period - Shot Blocked by Trevor Van Riemsdyk.
13:19 of 1st period - Slapshot by Slava Voynov.
13:19 of 1st period - Deflect By Drew Shore.
13:19 of 1st period - Stopped by Niklas Svedberg with a rebound.
13:36 of 1st period - Wrist shot by Luke Adam.
13:36 of 1st period - Stopped by Corey Crawford with a rebound.
13:51 of 1st period - Off-side.
13:52 of 1st period - Nick Bjugstad wins face-off versus Casey Cizikas in neutral zone.
14:42 of 1st period - Danny DeKeiser is hit by Oscar Sundqvist and loses puck.
15:13 of 1st period - Snap shot by David Laliberté.
15:13 of 1st period - Shot Misses the Net.
15:27 of 1st period - Wrist shot by Boone Jenner.
15:27 of 1st period - Deflect By Tyler Randell.
15:27 of 1st period - Shot Misses the Net.
15:27 of 1st period - Puck is out of play.
15:28 of 1st period - Sergey Kalinin wins face-off versus Erik Nystrom in Sasquatch zone.
16:15 of 1st period - Snap shot by Tanner Glass.
16:15 of 1st period - Stopped by Corey Crawford with a rebound.
16:37 of 1st period - Colton Gillies is hit by Martin Marincin and loses puck.
16:44 of 1st period - Rickard Rakell is hit by Adam McQuaid and loses puck.
17:04 of 1st period - Stefan Elliott is hit by Teemu Hartikainen.
17:41 of 1st period - Snap shot by Brock Trotter.
17:41 of 1st period - Stopped by Niklas Svedberg without a rebound.
17:42 of 1st period - Nick Bjugstad wins face-off versus Casey Cizikas in Punishers zone.
18:21 of 1st period - Ty Wishart is hit by David Laliberté and loses puck.
18:29 of 1st period - Icing by Filip Forsberg.
18:30 of 1st period - Luke Adam wins face-off versus Drew Shore in Sasquatch zone.
19:03 of 1st period - Drew Shore is hit by Nick Schultz and loses puck.
19:41 of 1st period - Icing by Stefan Elliott.
19:42 of 1st period - Nick Bjugstad wins face-off versus Oscar Sundqvist in Punishers zone.
19:53 of 1st period - Slapshot by Nick Leddy.
19:53 of 1st period - Shot Misses the Net.
19:55 of 1st period - Snap shot by Garnet Hathaway.
19:55 of 1st period - Shot Blocked by Adam McQuaid.
19:57 of 1st period - Slapshot by Garnet Hathaway.
19:57 of 1st period - Shot Blocked by Stefan Elliott.
Goals for this period are 1 for Sasquatch vs 0 for Punishers.
Shots for this period are 10 for Sasquatch vs 6 for Punishers.

2nd period


0:01 of 2nd period - Nick Bjugstad wins face-off versus Casey Cizikas in neutral zone.
0:08 of 2nd period - Wrist shot by Robbie Earl.
0:08 of 2nd period - Shot Misses the Net.
1:19 of 2nd period - Off-side.
1:20 of 2nd period - David Laliberté wins face-off versus Drew Shore in neutral zone.
2:24 of 2nd period - Slava Voynov is hit by Oscar Sundqvist and loses puck.
2:31 of 2nd period - Ty Wishart is hit by Aaron Palushaj and loses puck.
2:52 of 2nd period - Boone Jenner is hit by Jonathan Blum and loses puck.
3:15 of 2nd period - Mattias Tedenby is hit by Martin Marincin and loses puck.
3:26 of 2nd period - Wrist shot by Luke Adam.
3:26 of 2nd period - Shot Blocked by Rickard Rakell.
3:36 of 2nd period - Colton Gillies is hit by Ty Wishart and loses puck.
3:47 of 2nd period - Snap shot by Colton Gillies.
3:47 of 2nd period - Stopped by Corey Crawford without a rebound.
3:48 of 2nd period - Oscar Sundqvist wins face-off versus Sergey Kalinin in Sasquatch zone.
3:55 of 2nd period - Slapshot by Aaron Palushaj.
3:55 of 2nd period - Shot Misses the Net.
3:57 of 2nd period - Slapshot by Aaron Palushaj.
3:57 of 2nd period - Deflect By Oscar Sundqvist.
3:57 of 2nd period - Goal by Oscar Sundqvist - Sasquatch : 1 - Punishers : 1.
3:58 of 2nd period - Casey Cizikas wins face-off versus Jason Akeson in neutral zone.
4:00 of 2nd period - Off-side.
4:01 of 2nd period - Casey Cizikas wins face-off versus Drew Shore in neutral zone.
4:37 of 2nd period - Nick Schultz is hit by Nick Leddy and loses puck.
4:52 of 2nd period - Snap shot by Rickard Rakell.
4:52 of 2nd period - Deflect By Petr Straka.
4:52 of 2nd period - Shot Blocked by Stefan Elliott.
4:52 of 2nd period - Puck is out of play.
4:53 of 2nd period - Luke Adam wins face-off versus Rickard Rakell in Punishers zone.
5:05 of 2nd period - Snap shot by Brock Trotter.
5:05 of 2nd period - Stopped by Niklas Svedberg with a rebound.
5:07 of 2nd period - Slapshot by Slava Voynov.
5:07 of 2nd period - Stopped by Niklas Svedberg with a rebound.
5:09 of 2nd period - Snap shot by Petr Straka.
5:09 of 2nd period - Shot Misses the Net.
5:29 of 2nd period - Snap shot by Filip Forsberg.
5:29 of 2nd period - Shot Blocked by Stefan Elliott.
5:57 of 2nd period - Jonathan Blum is hit by Boone Jenner and loses puck.
6:12 of 2nd period - Slapshot by Teemu Hartikainen.
6:12 of 2nd period - Shot Blocked by David Rundblad.
6:32 of 2nd period - Snap shot by Garnet Hathaway.
6:32 of 2nd period - Shot Misses the Net.
6:36 of 2nd period - Snap shot by Jason Zucker.
6:36 of 2nd period - Goal by Jason Zucker - Sasquatch : 2 - Punishers : 1.
6:37 of 2nd period - Casey Cizikas wins face-off versus Drew Shore in neutral zone.
6:44 of 2nd period - Wrist shot by Mattias Tedenby.
6:44 of 2nd period - Stopped by Corey Crawford without a rebound.
6:45 of 2nd period - Casey Cizikas wins face-off versus Drew Shore in Sasquatch zone.
6:50 of 2nd period - Slapshot by Robbie Earl.
6:50 of 2nd period - Shot Misses the Net.
6:52 of 2nd period - Snap shot by Casey Cizikas.
6:52 of 2nd period - Shot Misses the Net.
6:54 of 2nd period - Snap shot by Mattias Tedenby.
6:54 of 2nd period - Shot Blocked by Drew Shore.
7:52 of 2nd period - Sergey Kalinin is hit by Oscar Sundqvist and loses puck.
8:44 of 2nd period - Snap shot by David Laliberté.
8:44 of 2nd period - Shot Blocked by Martin Marincin.
9:00 of 2nd period - Wrist shot by Luke Adam.
9:00 of 2nd period - Shot Blocked by Jonathan Blum.
9:24 of 2nd period - Wrist shot by Robbie Earl.
9:24 of 2nd period - Goal by Robbie Earl - Sasquatch : 2 - Punishers : 2.
9:25 of 2nd period - Drew Shore wins face-off versus Casey Cizikas in neutral zone.
9:27 of 2nd period - Off-side.
9:28 of 2nd period - Robbie Earl wins face-off versus Drew Shore in neutral zone.
9:34 of 2nd period - Icing by Jason Akeson.
9:35 of 2nd period - Mattias Tedenby wins face-off versus Drew Shore in Sasquatch zone.
9:40 of 2nd period - Snap shot by Mattias Tedenby.
9:40 of 2nd period - Shot Misses the Net.
9:42 of 2nd period - Slapshot by Nick Schultz.
9:42 of 2nd period - Goal by Nick Schultz - Sasquatch : 2 - Punishers : 3.
9:43 of 2nd period - Drew Shore wins face-off versus Casey Cizikas in neutral zone.
9:56 of 2nd period - Snap shot by Drew Shore.
9:56 of 2nd period - Shot Misses the Net.
10:10 of 2nd period - Danny DeKeiser is hit by Boone Jenner and loses puck.
10:17 of 2nd period - Slapshot by David Rundblad.
10:17 of 2nd period - Stopped by Corey Crawford with a rebound.
10:31 of 2nd period - David Rundblad is hit by Brock Trotter and loses puck.
10:52 of 2nd period - Snap shot by Oscar Sundqvist.
10:52 of 2nd period - Shot Misses the Net.
11:39 of 2nd period - Stefan Elliott is hit by Jason Akeson.
12:14 of 2nd period - Minor Penalty to Sergey Kalinin for Roughing.
12:15 of 2nd period - Casey Cizikas wins face-off versus Drew Shore in Sasquatch zone.
12:37 of 2nd period - Garnet Hathaway is hit by Mattias Tedenby.
14:14 of 2nd period - Penalty to Sergey Kalinin is over, Sergey Kalinin is back on ice.
14:15 of 2nd period - Rickard Rakell is hit by Miikka Salomaki and loses puck.
14:45 of 2nd period - Icing by Nick Bjugstad.
14:46 of 2nd period - Boone Jenner wins face-off versus Sergey Kalinin in Sasquatch zone.
14:51 of 2nd period - Snap shot by David Laliberté.
14:51 of 2nd period - Shot Misses the Net.
15:41 of 2nd period - Slapshot by Tyler Randell.
15:41 of 2nd period - Stopped by Niklas Svedberg without a rebound.
15:42 of 2nd period - Boone Jenner wins face-off versus Sergey Kalinin in Punishers zone.
16:18 of 2nd period - Snap shot by Rickard Rakell.
16:18 of 2nd period - Stopped by Niklas Svedberg with a rebound.
16:25 of 2nd period - Icing by Mattias Tedenby.
16:26 of 2nd period - Luke Adam wins face-off versus Drew Shore in Punishers zone.
16:31 of 2nd period - Snap shot by Drew Shore.
16:31 of 2nd period - Stopped by Niklas Svedberg without a rebound.
16:32 of 2nd period - Drew Shore wins face-off versus Luke Adam in Punishers zone.
16:53 of 2nd period - Slapshot by Nick Schultz.
16:53 of 2nd period - Stopped by Corey Crawford with a rebound.
17:03 of 2nd period - Luke Adam is hit by Jason Akeson and loses puck.
17:16 of 2nd period - Slapshot by Drew Shore.
17:16 of 2nd period - Stopped by Niklas Svedberg with a rebound.
17:18 of 2nd period - Wrist shot by Filip Forsberg.
17:18 of 2nd period - Goal by Filip Forsberg - Sasquatch : 3 - Punishers : 3.
17:19 of 2nd period - Mattias Tedenby wins face-off versus Nick Bjugstad in neutral zone.
17:51 of 2nd period - Snap shot by Tanner Glass.
17:51 of 2nd period - Shot Misses the Net.
17:53 of 2nd period - Wrist shot by David Laliberté.
17:53 of 2nd period - Goal by David Laliberté - Sasquatch : 3 - Punishers : 4.
17:54 of 2nd period - Drew Shore wins face-off versus Casey Cizikas in neutral zone.
18:05 of 2nd period - Snap shot by Jason Akeson.
18:05 of 2nd period - Shot Misses the Net.
18:07 of 2nd period - Slapshot by Nick Leddy.
18:07 of 2nd period - Shot Blocked by Nick Schultz.
18:35 of 2nd period - Slapshot by Robbie Earl.
18:35 of 2nd period - Stopped by Corey Crawford with a rebound.
18:37 of 2nd period - Snap shot by Casey Cizikas.
18:37 of 2nd period - Shot Misses the Net.
18:39 of 2nd period - Slapshot by Nick Schultz.
18:39 of 2nd period - Stopped by Corey Crawford with a rebound.
18:41 of 2nd period - Slapshot by David Rundblad.
18:41 of 2nd period - Stopped by Corey Crawford with a rebound.
18:43 of 2nd period - Slapshot by David Rundblad.
18:43 of 2nd period - Shot Misses the Net.
18:45 of 2nd period - Wrist shot by Robbie Earl.
18:45 of 2nd period - Shot Misses the Net.
18:47 of 2nd period - Slapshot by Nick Schultz.
18:47 of 2nd period - Stopped by Corey Crawford without a rebound.
18:48 of 2nd period - Boone Jenner wins face-off versus Drew Shore in Sasquatch zone.
19:11 of 2nd period - Icing by David Laliberté.
19:12 of 2nd period - Boone Jenner wins face-off versus Nick Bjugstad in Punishers zone.
Goals for this period are 2 for Sasquatch vs 4 for Punishers.
Shots for this period are 8 for Sasquatch vs 12 for Punishers.

3rd period


0:01 of 3rd period - Casey Cizikas wins face-off versus Drew Shore in neutral zone.
0:06 of 3rd period - Backhand shot by Mattias Tedenby.
0:06 of 3rd period - Stopped by Corey Crawford without a rebound.
0:07 of 3rd period - Casey Cizikas wins face-off versus Jason Akeson in Sasquatch zone.
0:10 of 3rd period - Wrist shot by Casey Cizikas.
0:10 of 3rd period - Shot Misses the Net.
0:14 of 3rd period - Wrist shot by Mattias Tedenby.
0:14 of 3rd period - Deflect By Casey Cizikas.
0:14 of 3rd period - Stopped by Corey Crawford without a rebound.
0:15 of 3rd period - Drew Shore wins face-off versus Casey Cizikas in Sasquatch zone.
0:30 of 3rd period - Wrist shot by Casey Cizikas.
0:30 of 3rd period - Shot Misses the Net.
0:40 of 3rd period - Tanner Glass is hit by Danny DeKeiser and loses puck.
0:47 of 3rd period - Snap shot by Nick Schultz.
0:47 of 3rd period - Stopped by Corey Crawford without a rebound.
0:48 of 3rd period - Nick Bjugstad wins face-off versus Casey Cizikas in Sasquatch zone.
0:48 of 3rd period - Nick Bjugstad is hit by Damon Severson.
1:24 of 3rd period - Slapshot by Slava Voynov.
1:24 of 3rd period - Stopped by Niklas Svedberg with a rebound.
1:26 of 3rd period - Snap shot by Martin Marincin.
1:26 of 3rd period - Shot Blocked by Casey Cizikas.
1:38 of 3rd period - Jason Akeson is hit by Boone Jenner and loses puck.
1:47 of 3rd period - Wrist shot by David Laliberté.
1:47 of 3rd period - Shot Blocked by Drew Shore.
1:57 of 3rd period - Stefan Elliott is hit by Nick Bjugstad and loses puck.
2:18 of 3rd period - Snap shot by Sergey Kalinin.
2:18 of 3rd period - Shot Misses the Net.
2:20 of 3rd period - Snap shot by Teemu Hartikainen.
2:20 of 3rd period - Deflect By Stefan Elliott.
2:20 of 3rd period - Shot Misses the Net.
2:20 of 3rd period - Puck is out of play.
2:21 of 3rd period - Sergey Kalinin wins face-off versus Oscar Sundqvist in Punishers zone.
3:06 of 3rd period - Slapshot by Jonathan Blum.
3:06 of 3rd period - Stopped by Niklas Svedberg without a rebound.
3:07 of 3rd period - Casey Cizikas wins face-off versus Drew Shore in Punishers zone.
3:24 of 3rd period - David Rundblad is hit by Filip Forsberg and loses puck.
3:43 of 3rd period - Garnet Hathaway is hit by Boone Jenner and loses puck.
4:36 of 3rd period - Minor Penalty to Martin Marincin for Holding.
4:37 of 3rd period - Drew Shore wins face-off versus Casey Cizikas in Sasquatch zone.
4:46 of 3rd period - Garnet Hathaway is hit by Robbie Earl and loses puck.
4:53 of 3rd period - Snap shot by Robbie Earl.
4:53 of 3rd period - Stopped by Corey Crawford with a rebound.
6:26 of 3rd period - Garnet Hathaway is hit by David Laliberté and loses puck.
6:36 of 3rd period - Penalty to Martin Marincin is over, Martin Marincin is back on ice.
7:20 of 3rd period - Martin Marincin is hit by Luke Adam and loses puck.
7:44 of 3rd period - Brock Trotter is hit by Boone Jenner.
9:03 of 3rd period - Slapshot by Nick Leddy.
9:03 of 3rd period - Shot Misses the Net.
10:28 of 3rd period - Wrist shot by Rickard Rakell.
10:28 of 3rd period - Shot Blocked by Miikka Salomaki.
10:30 of 3rd period - Slapshot by Danny DeKeiser.
10:30 of 3rd period - Goal by Danny DeKeiser - Sasquatch : 4 - Punishers : 4.
10:31 of 3rd period - Drew Shore wins face-off versus Casey Cizikas in neutral zone.
10:38 of 3rd period - Wrist shot by Drew Shore.
10:38 of 3rd period - Stopped by Niklas Svedberg with a rebound.
10:40 of 3rd period - Slapshot by Ty Wishart.
10:40 of 3rd period - Deflect By Mattias Tedenby.
10:40 of 3rd period - Stopped by Niklas Svedberg without a rebound.
10:41 of 3rd period - Drew Shore wins face-off versus Mattias Tedenby in Punishers zone.
10:42 of 3rd period - Wrist shot by Filip Forsberg.
10:42 of 3rd period - Shot Misses the Net.
11:10 of 3rd period - Snap shot by Filip Forsberg.
11:10 of 3rd period - Goal by Filip Forsberg - Sasquatch : 5 - Punishers : 4.
11:11 of 3rd period - Drew Shore wins face-off versus Casey Cizikas in neutral zone.
11:14 of 3rd period - Nick Schultz is hit by Drew Shore and loses puck.
11:27 of 3rd period - Snap shot by Mattias Tedenby.
11:27 of 3rd period - Shot Misses the Net.
11:37 of 3rd period - David Laliberté is hit by Jason Zucker and loses puck.
11:44 of 3rd period - Snap shot by David Laliberté.
11:44 of 3rd period - Stopped by Corey Crawford with a rebound.
12:01 of 3rd period - Backhand shot by Miikka Salomaki.
12:01 of 3rd period - Stopped by Corey Crawford without a rebound.
12:02 of 3rd period - Casey Cizikas wins face-off versus Drew Shore in Sasquatch zone.
12:03 of 3rd period - Snap shot by Mattias Tedenby.
12:03 of 3rd period - Stopped by Corey Crawford without a rebound.
12:04 of 3rd period - Drew Shore wins face-off versus Casey Cizikas in Sasquatch zone.
12:09 of 3rd period - Slapshot by Jonathan Blum.
12:09 of 3rd period - Shot Misses the Net.
12:11 of 3rd period - Slapshot by Filip Forsberg.
12:11 of 3rd period - Stopped by Niklas Svedberg without a rebound.
12:12 of 3rd period - Casey Cizikas wins face-off versus Drew Shore in Punishers zone.
12:12 of 3rd period - Casey Cizikas is hit by Jason Akeson.
12:32 of 3rd period - Nick Schultz is hit by Drew Shore and loses puck.
12:39 of 3rd period - Slapshot by Drew Shore.
12:39 of 3rd period - Stopped by Niklas Svedberg without a rebound.
12:40 of 3rd period - Boone Jenner wins face-off versus Nick Bjugstad in Punishers zone.
12:49 of 3rd period - Slapshot by Stefan Elliott.
12:49 of 3rd period - Shot Misses the Net.
12:51 of 3rd period - Minor Penalty to Jason Zucker for Slashing.
12:52 of 3rd period - Drew Shore wins face-off versus Casey Cizikas in Sasquatch zone.
14:51 of 3rd period - Penalty to Jason Zucker is over, Jason Zucker is back on ice.
15:05 of 3rd period - Snap shot by Brock Trotter.
15:05 of 3rd period - Shot Misses the Net.
15:07 of 3rd period - Slapshot by Ty Wishart.
15:07 of 3rd period - Deflect By Nick Schultz.
15:07 of 3rd period - Stopped by Niklas Svedberg without a rebound.
15:08 of 3rd period - Boone Jenner wins face-off versus Nick Bjugstad in Punishers zone.
16:05 of 3rd period - Icing by Miikka Salomaki.
16:06 of 3rd period - Mattias Tedenby wins face-off versus Rickard Rakell in Punishers zone.
16:15 of 3rd period - Wrist shot by Rickard Rakell.
16:15 of 3rd period - Stopped by Niklas Svedberg without a rebound.
16:16 of 3rd period - Rickard Rakell wins face-off versus Casey Cizikas in Punishers zone.
17:04 of 3rd period - Wrist shot by Garnet Hathaway.
17:04 of 3rd period - Shot Misses the Net.
18:02 of 3rd period - Icing by Adam McQuaid.
18:03 of 3rd period - Drew Shore wins face-off versus Luke Adam in Punishers zone.
18:10 of 3rd period - Snap shot by Drew Shore.
18:10 of 3rd period - Shot Blocked by Adam McQuaid.
18:12 of 3rd period - Slapshot by Danny DeKeiser.
18:12 of 3rd period - Stopped by Niklas Svedberg with a rebound.
18:14 of 3rd period - Slapshot by Nick Leddy.
18:14 of 3rd period - Stopped by Niklas Svedberg with a rebound.
18:16 of 3rd period - Snap shot by Filip Forsberg.
18:16 of 3rd period - Deflect By Jason Akeson.
18:16 of 3rd period - Stopped by Niklas Svedberg without a rebound.
18:17 of 3rd period - Casey Cizikas wins face-off versus Rickard Rakell in Punishers zone.
18:17 of 3rd period - David Rundblad is hit by Brock Trotter and loses puck.
18:27 of 3rd period - Minor Penalty to Robbie Earl for Delaying the game.
18:28 of 3rd period - Drew Shore wins face-off versus Aaron Palushaj in Punishers zone.
18:28 of 3rd period - Slapshot by Nick Leddy.
18:28 of 3rd period - Stopped by Niklas Svedberg with a rebound.
18:30 of 3rd period - Snap shot by Jason Akeson.
18:30 of 3rd period - Stopped by Niklas Svedberg without a rebound.
18:31 of 3rd period - Aaron Palushaj wins face-off versus Drew Shore in Punishers zone.
19:30 of 3rd period - Icing by Filip Forsberg.
19:31 of 3rd period - Drew Shore wins face-off versus Casey Cizikas in Sasquatch zone.
Goals for this period are 2 for Sasquatch vs 0 for Punishers.
Shots for this period are 15 for Sasquatch vs 7 for Punishers.